Map: Altitude LE

Players

Ghoul

  • Race: Terran Terran
  • League: Diamond
  • Spawn Location: 7:00

IlIIlIIlIIll - Winner!

  • Race: Protoss Protoss
  • League: Diamond
  • Spawn Location: 1:00

VOD

Have the link to the VOD?

Description

Time

  • Played on: March 2, 2023, 11:17 p.m.
  • Length: 6:51
Show
View Real Time Build Order
Export as new Build Order

Ghoul Terran 

Build Orders: Gas First Reaper Expand 

Get SALT Encoding   

  12  0:00  SCV  
  13  0:12  SCV  
  14  0:17  Supply Depot  
  14  0:24  SCV  
  14  0:27  Refinery  
  15  0:43  SCV  
  15  0:46  Barracks  
  16  1:07  SCV  
  17  1:19  SCV  
  18  1:33  SCV  
  18  1:37  Reaper  
  20  1:44  Engineering Bay  
  20  1:49  Orbital Command  
  19  2:04  Command Center  
  19  2:17  SCV  
  19  2:22  Marine  
  21  2:26  Factory  
  21  2:40  Marine, Bunker  
  22  2:57  SCV  
  23  3:01  Barracks Reactor  
  23  3:03  Supply Depot  
  23  3:11  Refinery  
  23  3:15  Factory Tech Lab  
  23  3:16  SCV  
  24  3:41  Cyclone, Marine x2  
  27  3:49  Orbital Command  
  27  3:50  SCV  
  28  3:59  Marine x2  
  29  4:04  SCV  
  29  4:05  Supply Depot  
  30  4:17  Marine x2  
  31  4:25  Siege Tank  
  31  4:28  SCV  
  31  4:29  Starport  
  35  4:34  Marine  
  35  4:35  Marine  
  35  4:38  SCV  
  36  4:50  SCV  
  36  4:52  Marine x2  
  28  5:07  SCV x2  
  28  5:14  Siege Tank  
  28  5:19  SCV  
  29  5:23  Barracks  
Show
View Real Time Build Order
Export as new Build Order

IlIIlIIlIIll Protoss - Winner!

Build Orders:  

Get SALT Encoding   

  12  0:02  Probe  
  13  0:14  Pylon  
  13  0:18  Probe  
  14  0:30  Probe  
  15  0:36  Gateway  
  15  0:45  Assimilator  
  15  0:46  Probe  
  16  0:58  Probe  
  17  1:24  Cybernetics Core  
  17  1:26  Gateway  
  17  1:32  Probe (Chrono Boost)  
  18  1:42  Probe (Chrono Boost)  
  19  1:57  Nexus  
  19  2:00  Warp Gate (Chrono Boost)  
  19  2:02  Adept  
  21  2:18  Adept  
  23  2:29  Pylon  
  23  2:32  Pylon  
  23  2:42  Gateway  
  23  2:45  Pylon  
  23  2:52  Pylon  
  22  3:05  Shield Battery  
  22  3:07  Shield Battery  
  22  3:10  Probe  
  23  3:27  Shield Battery  
  23  3:32  Shield Battery  
  23  3:38  Stalker  
  25  3:44  Pylon  
  25  4:01  Pylon  
  25  4:03  Stalker  
  27  4:26  Stalker x2  
  31  4:37  Stalker  
  33  4:42  Shield Battery  
  33  4:56  Stalker  
  35  5:03  Stalker  
  35  5:26  Stalker x2  
  38  5:55  Stalker x3  
  44  6:28  Stalker x2  
Tags
 
Add a new tag
Caveats
  • Supply blocks, unpowered buildings, or Contaminate may cause inaccurate times.
  • Supply counts are checked every 10 seconds.